AoeStats
← wolololigma

Black Forest

503544663Analyzed
4v4 RM · 1mo ago on Sep 1, 2026· 45m 53s· 8 players
Game mode
Random Map
Map size
Large (8 player)
Population
200
Speed
Normal
Resources
Standard
Victory
Conquest
Starting age
Dark Age
Ending age
Imperial Age
RankedLock teamsTeams togetherTeam positionsShared explorationLock speedFull tech treeHidden civsTurbo modeCheats
Victory
Defeat
🇮🇳 Dravidians · India
1214
+10
🇹🇼 Lithuanians · Taiwan
1132
+14
🇺🇸 Teutons · United States
1129
+14
🇺🇸 Saracens · United States
1118
+14
🇲🇽 Jurchens · Mexico
1126
-15
🇺🇸 Romans · United States
1095
-14
🇬🇧 Byzantines · United Kingdom
1068
-12
🇺🇸 Teutons · United States
1041
-11
shaggy
10:37 Feudal Age
14:25 Castle Age
12:35 Double-Bit Axe
12:35 Horse Collar
13:23 Double-Bit Axe
15:17 Loom
16:10 Wheelbarrow
17:51 Bow Saw
21:11 Gold Mining
21:17 Stone Mining
24:31 Caravan
25:32 Hand Cart
25:17 Town Watch
28:20 Imperial Age
27:12 Forging
27:08 Scale Barding Armor
28:45 Bloodlines
29:15 Cavalier
31:42 Iron Casting
31:28 Chain Barding Armor
32:20 Chemistry
32:11 Conscription
32:16 Paladin
38:22 Plate Barding Armor
39:03 Siege Engineers
39:57 Capped Ram
46:16 Blast Furnace
Lala Land
0:47 Loom
13:34 Feudal Age
17:42 Castle Age
16:42 Double-Bit Axe
16:39 Horse Collar
16:51 Gold Mining
19:48 Bow Saw
26:10 Wheelbarrow
26:41 Heavy Plow
28:39 Hand Cart
28:16 Stone Mining
28:40 Town Watch
32:30 Imperial Age
31:02 Caravan
30:56 Fletching
31:12 Scale Barding Armor
31:44 Ballistics
31:35 Town Patrol
31:55 Thumb Ring
34:52 Two-Man Saw
35:17 Chemistry
34:14 Bodkin Arrow
34:39 Chain Barding Armor
34:20 Padded Archer Armor
34:15 Elite Elephant Archer
34:57 Bracer
36:09 Husbandry
37:23 Conscription
38:15 Medical Corps
39:25 Guilds
40:06 Wootz Steel
41:09 Leather Archer Armor
41:05 Forging
43:28 Ring Archer Armor
43:34 Iron Casting
wolololigma
0:30 Loom
15:51 Feudal Age
17:02 Double-Bit Axe
17:31 Horse Collar
20:30 Wheelbarrow
22:17 Fishing Lines
22:54 Gold Mining
22:57 Stone Mining
23:03 Stone Mining
25:37 Castle Age
25:17 Forging
26:09 Bloodlines
27:40 Gillnets
30:01 Caravan
31:48 Bow Saw
31:49 Heavy Plow
32:26 Fortified Wall
33:41 Crossbowman
34:27 Thumb Ring
38:02 Imperial Age
35:42 Murder Holes
36:08 Ballistics
36:17 Padded Archer Armor
36:10 Fletching
36:58 Bodkin Arrow
37:04 Padded Archer Armor
38:06 Gold Shaft Mining
38:03 Hand Cart
38:47 Bracer
39:03 Leather Archer Armor
39:12 Conscription
41:13 Iron Casting
40:44 Scale Barding Armor
40:53 Arbalester
43:29 Elite Mameluke
45:20 Blast Furnace
44:40 Chain Barding Armor
45:02 Husbandry
michaelye023755
3:07 Loom
10:27 Feudal Age
11:26 Double-Bit Axe
11:23 Horse Collar
15:27 Castle Age
16:26 Wheelbarrow
17:01 Bow Saw
22:05 Town Watch
25:30 Heavy Plow
31:20 Imperial Age
29:08 Hand Cart
29:19 Gold Mining
29:20 Stone Mining
29:46 Forging
29:42 Scale Barding Armor
29:37 Scale Mail Armor
30:59 Town Patrol
31:54 Iron Casting
31:40 Chain Barding Armor
32:24 Chain Mail Armor
32:27 Fortified Wall
32:30 Masonry
33:19 Treadmill Crane
33:35 Murder Holes
33:07 Pikeman
33:48 Squires
33:33 Arson
33:50 Fletching
35:17 Plate Barding Armor
34:33 Fletching
35:02 Caravan
36:44 Bloodlines
36:34 Husbandry
36:46 Bodkin Arrow
37:24 Architecture
37:55 Chemistry
37:15 Ballistics
37:02 Elite Leitis
39:42 Two-Man Saw
39:16 Crop Rotation
38:49 Bracer
38:35 Halberdier
PeppyIsland31
8:28 Loom
12:43 Feudal Age
14:00 Double-Bit Axe
16:59 Castle Age
17:59 Bow Saw
18:48 Fishing Lines
21:02 Wheelbarrow
21:58 Horse Collar
23:12 Gillnets
24:40 Heavy Plow
25:59 Gold Mining
27:22 Hand Cart
31:14 Imperial Age
29:34 Scale Barding Armor
29:40 Forging
30:16 Town Watch
30:57 Chain Barding Armor
31:28 Town Patrol
32:06 Iron Casting
31:22 Fletching
31:36 Stone Mining
32:16 Caravan
32:48 Conscription
31:57 Cavalier
33:19 Crop Rotation
33:56 Two-Man Saw
34:36 Chemistry
34:43 Blast Furnace
33:46 Scale Mail Armor
34:20 Bloodlines
34:42 Paladin
36:11 Plate Barding Armor
36:11 Siege Engineers
36:27 Ballistics
36:18 Masonry
40:18 Chain Mail Armor
39:59 Bodkin Arrow
42:50 Plate Mail Armor
42:20 Padded Archer Armor
42:49 Crenellations
SimoniacTrout72
0:52 Loom
12:05 Feudal Age
16:48 Castle Age
14:49 Double-Bit Axe
15:00 Horse Collar
22:56 Gold Mining
24:41 Gold Shaft Mining
24:10 Heavy Plow
29:29 Imperial Age
27:36 Wheelbarrow
28:46 Hand Cart
28:23 Pikeman
29:06 Squires
28:53 Arson
28:56 Gambesons
29:14 Scale Mail Armor
29:24 Forging
31:19 Chemistry
30:38 Chain Mail Armor
29:45 Halberdier
32:11 Bow Saw
32:34 Crop Rotation
32:35 Plate Mail Armor
32:41 Iron Casting
35:10 Fletching
Dorek xD
0:27 Loom
16:24 Feudal Age
18:41 Double-Bit Axe
21:38 Castle Age
22:55 Fishing Lines
25:13 Bow Saw
24:48 Horse Collar
25:21 Caravan
27:19 Gillnets
27:38 Heavy Plow
32:38 Wheelbarrow
33:50 Gold Mining
34:19 Hand Cart
38:15 Imperial Age
37:58 Town Watch
38:48 Husbandry
38:58 Bloodlines
39:15 Forging
39:10 Scale Barding Armor
38:33 Elite Steppe Lancer
39:30 Town Patrol
40:08 Guilds
40:59 Iron Casting
40:45 Chain Barding Armor
42:41 Blast Furnace
42:17 Plate Barding Armor
43:15 Ballistics
43:02 Siege Engineers
Andromeda
0:41 Loom
12:58 Feudal Age
19:06 Castle Age
20:11 Double-Bit Axe
20:10 Horse Collar
31:01 Imperial Age
30:56 Wheelbarrow
30:29 Heavy Plow
31:14 Gold Mining
31:16 Stone Mining
32:06 Ballistas
32:35 Hand Cart
32:31 Heavy Scorpion
34:44 Man-at-Arms
35:24 Squires
35:38 Forging
35:29 Scale Mail Armor
35:37 Scale Barding Armor
35:12 Pikeman
35:36 Long Swordsman
36:24 Halberdier
36:24 Legionary
39:42 Gold Shaft Mining
39:19 Fortified Wall
40:10 Chemistry
40:55 Iron Casting
40:36 Chain Mail Armor
Connection lost

Rejoining the realm…

Still unreachable

The connection could not be restored.

Session expired

The server has moved on; the page needs a fresh start.